 Dungeon Crawl Stone Soup version 0.29.1-14-g9c671dbff4 (webtiles) character file.

Game seed: 6597004918513933914

2466 leafyfresh the Covert (level 9, -1/74 HPs)
             Began as a Gnoll Delver on Feb 13, 2023.
             Was an Initiate of Okawaru.
             Slain by a killer bee (2 damage)
             ... on level 7 of the Dungeon.
             The game lasted 00:08:06 (4956 turns).

leafyfresh the Covert (Gnoll Delver)                Turns: 4956, Time: 00:08:07

Health: -1/74      AC: 11    Str: 10 (11) XL:     9   Next: 51%
Magic:  15/15      EV: 11    Int:  8 (9)  God:    Okawaru [......]
Gold:   305        SH:  0    Dex: 16 (19) Spells: 17/17 levels left

rFire   + + .      SeeInvis .   k - +7 sling of Ongiaw {freeze, Fly rF+}
rCold   . . .      Faith    .   (no shield)
rNeg    + . .      Spirit   .   p - +1 scale mail of Rotten Curiosity {rF+}
rPois   .          Reflect  .   (no helmet)
rElec   .          Harm     .   (no cloak)
rCorr   .          Rampage  .   (no gloves)
Will    .....                   r - +2 pair of boots
Stlth   +++.......              (no amulet)
HPRegen 0.22/turn               j - ring of positive energy
MPRegen 0.14/turn               (no ring)

@: mighty, lethally poisoned (-1 -> -8), flying
A: fangs 1, strong nose, distributed training
a: Renounce Religion


You were on level 7 of the Dungeon.
You worshipped Okawaru.
Okawaru was noncommittal.
You visited 2 branches of the dungeon, and saw 6 of its levels.

You collected 305 gold pieces.

Inventory:

Hand Weapons
 a - a +0 short sword
 k - the +7 sling of Ongiaw (weapon) {freeze, Fly rF+}
   (You found it on level 5 of the Dungeon)

   Any ammunition fired from it freezes those it strikes, dealing additional
   cold damage.
   It can also slow down cold-blooded creatures.
   rF:        It protects you from fire.
   Fly:       It grants you flight.
Armour
 b - a +0 leather armour
 p - the +1 scale mail of Rotten Curiosity (worn) {rF+}
   (You found it on level 6 of the Dungeon)

   rF:        It protects you from fire.
 r - a +2 pair of boots (worn)
Jewellery
 j - a ring of positive energy (left hand)
Wands
 g - a wand of digging (2)
 i - a wand of flame (31)
 u - a wand of iceblast (4)
Scrolls
 c - a scroll of fog
 d - a scroll of magic mapping
 e - a scroll of poison {unknown}
 l - a scroll of fear
 o - a scroll of vulnerability
 q - a scroll of noise
 t - a scroll of teleportation
Potions
 f - 4 potions of haste
 s - a potion of heal wounds {unknown}


   Skills:
 + Level 8.0 Fighting
 + Level 6.5 Short Blades
 + Level 4.5 Long Blades
 + Level 4.5 Axes
 + Level 4.5 Maces & Flails
 + Level 4.5 Polearms
 + Level 4.5 Staves
 + Level 4.5 Ranged Weapons
 + Level 4.5 Throwing
 + Level 4.5 Armour
 + Level 6.5 Dodging
 + Level 10.6 Stealth
 + Level 4.5 Shields
 + Level 4.5 Unarmed Combat
 + Level 4.5 Spellcasting
 + Level 3.7 Conjurations
 + Level 3.7 Hexes
 + Level 3.7 Summonings
 + Level 3.7 Necromancy
 + Level 3.7 Translocations
 + Level 3.7 Transmutations
 + Level 3.7 Fire Magic
 + Level 3.7 Ice Magic
 + Level 3.7 Air Magic
 + Level 3.7 Earth Magic
 + Level 3.7 Poison Magic
 + Level 4.9 Invocations
 + Level 4.5 Evocations


You had 17 spell levels left.
You didn't know any spells.
Your spell library contained the following spells:

 Spells                   Type           Power      Damage    Failure   Level
 Slow                     Hex            28%        N/A       34%         1
 Confusing Touch          Hex            7%         N/A       71%         3
 Vampiric Draining        Necr           7%         2d6       71%         3
 Summon Small Mammal      Summ           Unusable   N/A       N/A         1
 Call Canine Familiar     Summ           Unusable   N/A       N/A         3
 Summon Guardian Golem    Hex/Summ       Unusable   N/A       N/A         3

Dungeon Overview and Level Annotations

Branches:
Dungeon (7/15)             Temple (1/1) D:7

Altars:
Ashenzari
Cheibriados
Elyvilon
Fedhas
Gozag
Hepliaklqana
Kikubaaqudgha
Makhleb
Nemelex Xobeh
Okawaru
Qazlal
Ru
Trog
Uskayaw
Vehumet
Wu Jian
Xom
Yredelemnul
Zin

Shops:
D:5 *

Annotations:
D:4 1 runed translucent door, gaming's ghost, amateur DrAE


Innate Abilities, Weirdness & Mutations

You have very sharp teeth.
Your uncanny sense of smell can sniff out nearby items.
Your experience applies equally to all skills.


Message History

The killer bee closely misses you.
The killer bee stings you but does no damage.
The killer bee closely misses you.
The killer bee stings you but does no damage.
The killer bee stings you!
* * * LOW HITPOINT WARNING * * *
Fire: k) +7 sling of Ongiaw {freeze, Fly rF+}
Press: ? - help, Q - select action, (/) - cycle Shift-Dir - straight line, f/p - killer bee
Aim: a killer bee (severely wounded, 51% to hit)
You shoot a sling bullet.
The sling bullet closely misses the killer bee.
The sling bullet hits the killer bee!
The sling bullet freezes the killer bee.
You kill the killer bee!
Okawaru accepts your kill. The killer bee closely misses you.
The killer bee completely misses you. The killer bee barely misses you.
The killer bee stings you but does no damage.
The killer bee closely misses you. The killer bee barely misses you.
Fire: k) +7 sling of Ongiaw {freeze, Fly rF+}
Press: ? - help, Q - select action, (/) - cycle Shift-Dir - straight line, f/p - killer bee
Aim: a killer bee (severely wounded, 51% to hit)
You shoot a sling bullet.
The sling bullet completely misses the killer bee.
The killer bee barely misses you. The killer bee stings you!
* * * LOW HITPOINT WARNING * * *
The killer bee stings you but does no damage. x2
Fire: k) +7 sling of Ongiaw {freeze, Fly rF+}
Press: ? - help, Q - select action, (/) - cycle Shift-Dir - straight line, f/p - killer bee
Aim: a killer bee (severely wounded, 51% to hit)
Okay, then.
It was a potion of degeneration.
There was something very wrong with that liquid.
You feel weakened.
You feel dopey.
You feel clumsy.
The killer bee stings you but does no damage.
The killer bee stings you.
* * * LOW HITPOINT WARNING * * *
You are lethally poisoned!
The killer bee poisons you! The killer bee stings you.
You die...

##......##....#...##
###........######..#
..#.).....##.# ##.#
#.......####.### #.#
###...†.#∆?'...###.#
..###...#)#y.#..#..#
#......#$='......##
####...####.######
#..........')y@#
#[.....##..#.'#y##
.......###...'[.#
.##..#.# ###.####
..# .. #.# ..) ##
### .#.#


You could see 2 killer bees.

Vanquished Creatures
  A two-headed ogre (D:6)
  Sigmund (D:3)
  A water moccasin (D:7)
  An ice beast (D:5)
  A sky beast (D:7)
  A centaur (D:7)
  2 phantoms
  2 bullfrogs
  A scorpion (D:7)
  A necrophage (D:5)
  4 wights (D:6)
  6 killer bees (D:7)
  6 hounds
  A jelly (D:6)
  A gnoll bouda (D:7)
  3 orc priests (D:5)
  An iguana (D:4)
  An orc wizard (D:5)
  Ijyb (D:3)
  A gnoll (D:6)
  3 adders
  A shadow imp (D:7)
  A white imp (D:5)
  An ufetubus (D:6)
  10 orcs
  A bat (D:3)
  2 endoplasms
  A giant cockroach (D:3)
  A goblin (D:4)
  A hobgoblin (D:3)
  3 quokkas
  A ball python (D:3)
  A kobold (D:3)
  A rat (D:3)
65 creatures vanquished.

Vanquished Creatures (others)
  A human (D:3)
1 creature vanquished.

Grand Total: 66 creatures vanquished

Notes
Turn   | Place    | Note
-------+----------+-------------------------------------------
     0 | D:5      | Reached skill level 9 in Stealth
     0 | D:5      | leafyfresh the Gnoll Delver began the quest for the Orb.
     0 | D:5      | Reached XP level 1. HP: 23/23 MP: 1/1
    32 | D:5      | Identified the +7 sling of Ongiaw {freeze, Fly rF+}
    40 | D:5      | Noticed a phantom
    48 | D:5      | Killed a phantom
    49 | D:5      | Reached skill level 1 in Long Blades
    49 | D:5      | Reached skill level 1 in Axes
    49 | D:5      | Reached skill level 1 in Maces & Flails
    49 | D:5      | Reached skill level 1 in Polearms
    49 | D:5      | Reached skill level 1 in Staves
    49 | D:5      | Reached skill level 1 in Ranged Weapons
    49 | D:5      | Reached skill level 1 in Throwing
    49 | D:5      | Reached skill level 1 in Armour
    49 | D:5      | Reached skill level 1 in Shields
    49 | D:5      | Reached skill level 1 in Unarmed Combat
    49 | D:5      | Reached skill level 1 in Spellcasting
    49 | D:5      | Reached skill level 1 in Invocations
    49 | D:5      | Reached skill level 1 in Evocations
    49 | D:5      | Reached XP level 2. HP: 29/29 MP: 1/3
    49 | D:5      | Reached XP level 3. HP: 35/35 MP: 1/4
    49 | D:5      | Reached XP level 4. HP: 41/41 MP: 1/5
   148 | D:5      | Reached skill level 1 in Conjurations
   148 | D:5      | Reached skill level 1 in Hexes
   148 | D:5      | Reached skill level 1 in Summonings
   148 | D:5      | Reached skill level 1 in Necromancy
   148 | D:5      | Reached skill level 1 in Translocations
   148 | D:5      | Reached skill level 1 in Transmutations
   148 | D:5      | Reached skill level 1 in Fire Magic
   148 | D:5      | Reached skill level 1 in Ice Magic
   148 | D:5      | Reached skill level 1 in Air Magic
   148 | D:5      | Reached skill level 1 in Earth Magic
   148 | D:5      | Reached skill level 1 in Poison Magic
   180 | D:5      | Found a shimmering altar of Xom.
   251 | D:5      | Noticed a necrophage
   258 | D:5      | Killed a necrophage
   259 | D:5      | Reached XP level 5. HP: 46/47 MP: 5/7
   326 | D:4      | Found a sacrificial altar of Ru.
   486 | D:4      | Found a sparkling altar of Nemelex Xobeh.
   632 | D:4      | Found a hazy altar of Hepliaklqana.
   680 | D:4      | Found a runed translucent door.
  1106 | D:4      | Noticed gaming's ghost (amateur DrAE)
  1290 | D:3      | Noticed Sigmund
  1290 | D:3      | Noticed Ijyb
  1300 | D:3      | Killed Ijyb
  1301 | D:3      | Reached XP level 6. HP: 35/53 MP: 8/8
  1750 | D:3      | Killed Sigmund
  1751 | D:3      | Reached skill level 5 in Short Blades
  1751 | D:3      | Reached skill level 5 in Dodging
  1904 | D:3      | Found an opulent altar of Gozag.
  2018 | D:3      | Found an ancient bone altar of Kikubaaqudgha.
  2021 | D:3      | Noticed a human
  2024 | D:3      | Killed a human
  2364 | D:5      | Noticed an ice beast
  2577 | D:5      | Killed an ice beast
  2578 | D:5      | Reached XP level 7. HP: 27/60 MP: 10/10
  2859 | D:5      | Reached skill level 10 in Stealth
  3037 | D:5      | Found Lagre's Luxury Loot.
  3227 | D:6      | Identified the +1 scale mail of Rotten Curiosity {rF+}
  3356 | D:6      | Reached XP level 8. HP: 11/62 MP: 12/12
  3362 | D:5      | HP: 3/62 [white imp (1)]
  3724 | D:6      | Noticed a two-headed ogre
  3733 | D:6      | Killed a two-headed ogre
  4097 | D:6      | Reached XP level 9. HP: 73/73 MP: 14/14
  4474 | D:7      | Found a staircase to the Ecumenical Temple.
  4499 | Temple   | Entered the Ecumenical Temple
  4532 | Temple   | Became a worshipper of Warmaster Okawaru
  4601 | D:7      | HP: 3/74 [poisoned by a killer bee]
  4955 | D:7      | HP: 2/74 [killer bee (7)]
  4956 | D:7      | Slain by a killer bee

Illustrated notes

Levels and vault maps discovered:
D:3:      layout_basic, nicolae_gozag_cash_rules_everything_around_me,
          tgw_kikubaaqudgha, uniq_sigmund, uniq_ijyb
D:4:      layout_basic, old_standard_altar, nicolae_hepliaklqana_hippocampus,
          nicolae_ru_awakened_eye, ebering_ghost_reflecting_pool
D:5:      layout_cave_pools, mainiacjoe_overflow_paths, nicolae_alphabet_shops,
          patterned_corridor
D:6:      layout_loops_ring, minmay_misc_feat_plants
D:7:      minmay_the_grid_triangle_9x9_recursive_2
          [minmay_the_grid_triangle_9x9_prize_center,
          minmay_the_grid_triangle_9x9_minimal,
          minmay_the_grid_triangle_9x9_zippers_horizontal,
          minmay_the_grid_triangle_9x9_tough_junction], layout_rooms,
          minmay_temple_entry_purple_smoke, hangedman_decor_growths, eino_jars
Temple:   nicolae_temple_ecumenical_triangle

Skill      XL: |  1  2  3  4  5  6  7  8  9 |
---------------+----------------------------+-----
Stealth        | 10 | 10.6
Long Blades    | 1 2 3 4 |  4.5
Axes           | 1 2 3 4 |  4.5
Maces & Flails | 1 2 3 4 |  4.5
Polearms       | 1 2 3 4 |  4.5
Staves         | 1 2 3 4 |  4.5
Ranged Weapons | 1 2 3 4 |  4.5
Throwing       | 1 2 3 4 |  4.5
Armour         | 1 2 3 4 |  4.5
Shields        | 1 2 3 4 |  4.5
Unarmed Combat | 1 2 3 4 |  4.5
Spellcasting   | 1 2 3 4 |  4.5
Invocations    | 1 2 3 4 |  4.9
Evocations     | 1 2 3 4 |  4.5
Conjurations   | 1 2 3 |  3.7
Hexes          | 1 2 3 |  3.7
Summonings     | 1 2 3 |  3.7
Necromancy     | 1 2 3 |  3.7
Translocations | 1 2 3 |  3.7
Transmutations | 1 2 3 |  3.7
Fire Magic     | 1 2 3 |  3.7
Ice Magic      | 1 2 3 |  3.7
Air Magic      | 1 2 3 |  3.7
Earth Magic    | 1 2 3 |  3.7
Poison Magic   | 1 2 3 |  3.7
Short Blades   | 5 6 |  6.5
Dodging        | 5 6 |  6.5
Fighting       | 7 8 |  8.0

Action                   |  1- 3 |  4- 6 |  7- 9 || total
-------------------------+-------+-------+-------++-------
 Fire: Sling             |     6 |    71 |   134 ||   211
Evoke: Wand              |       |       |     1 ||     1
  Use: Scroll            |       |     3 |     7 ||    10
       Potion            |       |       |     6 ||     6
Armor: Leather armour    |     1 |     6 |     2 ||     9
       Scale mail        |       |       |    59 ||    59
Dodge: Dodged            |     3 |    21 |   109 ||   133
